 Dungeon Crawl Stone Soup version 0.25.1-2-g60ff931df9 (webtiles) character file.

Game seed: 16467690486771987307

58 lepoulpe303 the Magician (level 3, 0/16 HPs)
             Began as a Spriggan Earth Elementalist on Sept 7, 2020.
             Succumbed to an adder's poison
             ... on level 2 of the Dungeon.
             The game lasted 00:05:08 (1967 turns).

lepoulpe303 the Magician (SpEE)                     Turns: 1967, Time: 00:05:08

Health: 0/16       AC:  2    Str:  4    XL:     3   Next: 75%
Magic:  9/9        EV: 19    Int: 17    God:
Gold:   63         SH:  0    Dex: 16    Spells: 3/9 levels left

rFire    . . .     SeeInvis +   a - +0 short sword
rCold    . . .     Gourm    .   (shield restricted)
rNeg     . . .     Faith    .   c - +0 robe
rPois    .         Spirit   .   (helmet restricted)
rElec    .         Reflect  .   (no cloak)
rCorr    .         Harm     .   (gloves unavailable)
MR       .....                  (boots unavailable)
Stlth    +++.......             (no amulet)
HPRegen  0.05/turn              (no ring)
MPRegen  0.11/turn              (no ring)

@: lethally poisoned (0 -> -3), very slightly contaminated, invisible
(expiring), very quick
A: very small, unfitting armour, see invisible, herbivore, speed 3, slow
metabolism 2
a: no special abilities


You were on level 2 of the Dungeon.
You were not hungry.

You visited 1 branch of the dungeon, and saw 2 of its levels.

You collected 63 gold pieces.

Inventory:

Hand Weapons
 a - a +0 short sword (weapon)
Missiles
 h - 3 poisoned darts (quivered)
 Q - 39 stones
Armour
 c - a +0 robe (worn)
Wands
 D - a wand of digging (3)
Scrolls
 b - 2 scrolls of amnesia {unknown}
 d - a scroll of teleportation {unknown}
 f - a scroll of immolation {unknown}
 i - a scroll of remove curse {unknown}
Comestibles
 e - 7 rations


   Skills:
 + Level 0.9 Short Blades
 + Level 3.5 Dodging
 + Level 3.5 Stealth
 * Level 3.6 Spellcasting
 - Level 1.3 Transmutations
 * Level 3.2 Earth Magic


You had 3 spell levels left.
You knew the following spells:

 Your Spells              Type           Power        Failure   Level  Hunger
a - Sandblast             Erth           ##....       4%          1    None
w - Passwall              Tmut/Erth      ##......     10%         2    ##.....
x - Stone Arrow           Conj/Erth      #.....       26%         3    ###....

Your spell library contained the following spells:

 Spells                   Type           Power        Failure   Level  Hunger
 Petrify                  Tmut/Erth      ##......     54%         4    ####...
 Lee's Rapid Deconstruct  Erth           ##........   75%         5    ######.


Dungeon Overview and Level Annotations

Branches:
Dungeon (2/15)

Altars:
Nemelex Xobeh


Innate Abilities, Weirdness & Mutations

You are very small and have problems with some larger weapons.
You are too small for most types of armour.
You have supernaturally acute eyesight. (SInv)
You are a herbivore.
You cover ground extremely quickly.
You need to consume almost no food.


Message History

You take 1 damage, and have 2/16 hp.
You hit the goblin. The goblin misses you.
You catch the helpless goblin completely off-guard!
You puncture the goblin!
You kill the goblin!
Things that are here:
a +1 dagger of speed; an adder corpse
* * * LOW HITPOINT WARNING * * *
You feel sick.
You take 1 damage, and have 1/16 hp.
* * * LOW HITPOINT WARNING * * *
You feel sick.
Things that are here:
a hobgoblin corpse; a bat corpse You take 1 damage, and have 1/16 hp.
MP restored: 9 You flicker for a moment.
Things that are here:
a hobgoblin corpse; a bat corpse You die...

.?. ....# ####....#
#...?..# # #.%#...#
#.#..#.#.# #.....##.#
..##..@.##.############
............†......)....
..#.#....#####.#########
#......# #.# ........#
#.# #.##.....# #.# #
#.##### #.# #. #.# . #.#


There were no monsters in sight!

Levels and vault maps discovered:
D:1:      dpeg_arrival_circle_labyrinth_a, layout_basic
D:2:      layout_basic, nemelex_xobeh_ov_fountains_minmay, grunt_ministairs_6

Notes
Turn   | Place    | Note
-------+----------+-------------------------------------------
     0 | D:1      | lepoulpe303 the Spriggan Earth Elementalist began the quest
                  | for the Orb.
     0 | D:1      | Reached XP level 1. HP: 9/9 MP: 5/5
   197 | D:1      | Identified a +0 club
   210 | D:1      | Reached skill level 3 in Spellcasting
   276 | D:1      | Reached XP level 2. HP: 13/13 MP: 2/7
   280 | D:1      | Learned a level 2 spell: Passwall
   488 | D:1      | Identified a +0 short sword (You found it on level 1 of the
                  | Dungeon)
   573 | D:1      | Identified a +0 whip
   630 | D:1      | Identified a +0 dagger
   633 | D:1      | Reached skill level 3 in Earth Magic
   847 | D:1      | Identified a +0 dagger
  1278 | D:2      | Identified a +0 club
  1278 | D:2      | Identified a +0 club
  1724 | D:2      | Identified an uncursed ring of wizardry
  1730 | D:2      | Reached XP level 3. HP: 15/16 MP: 8/8
  1735 | D:2      | Learned a level 3 spell: Stone Arrow
  1760 | D:2      | Found a sparkling altar of Nemelex Xobeh.
  1926 | D:2      | Identified a +1 dagger of speed
  1945 | D:2      | Identified a potion of invisibility
  1946 | D:2      | HP: 4/16 [poisoned by an adder]
  1954 | D:2      | HP: 1/16 [poisoned by an adder]
  1960 | D:2      | HP: 1/16 [poisoned by an adder]
  1967 | D:2      | Succumbed to an adder's poison

Table legend:
 A = Turns spent in this place as a percentage of turns spent in the entire game.
 B = Non-inter-level travel turns spent in this place as a percentage of non-inter-level travel turns spent in the entire game.
 C = Inter-level travel turns spent in this place as a percentage of turns spent in this place.
 D = Turns resting spent in this place as a percentage of non-inter-level travel turns spent in this place.
 E = Turns spent auto-exploring this place as a percentage of non-inter-level travel turns spent in this place.
 F = Non-inter-level travel turns spent in this place divided by the number of levels of this place that you've seen.
                   A       B       C       D       E      F
               +-------+-------+-------+-------+-------+----------------------
         Total | 100.0 | 100.0 |   8.0 |  32.9 |  52.3 | 905.0
       Dungeon | 100.0 | 100.0 |   8.0 |  32.9 |  52.3 | 905.0
               +-------+-------+-------+-------+-------+----------------------

Table legend:
 A = Kills in this place as a percentage of kills in entire the game.
 B = Kills by you in this place as a percentage of kills by you in the entire game.
 C = Kills by friends in this place as a percentage of kills by friends in the entire game.
 D = Other kills in this place as a percentage of other kills in the entire game.
 E = Experience gained in this place as a percentage of experience gained in the entire game.
 F = Experience gained in this place divided by the number of levels of this place that you have seen.
                   A       B       C       D       E      F
               +-------+-------+-------+-------+-------+----------------------
         Total | 100.0 | 100.0 |   N/A |   N/A | 100.0 |  41.5
       Dungeon | 100.0 | 100.0 |   N/A |   N/A | 100.0 |  41.5
               +-------+-------+-------+-------+-------+----------------------

Skill      XL: |  1  2 |
---------------+-------+-----
Spellcasting   | 3 |  3.6
Earth Magic    | 3 |  3.2
Short Blades   | |  0.9
Dodging        | |  3.5
Stealth        | |  3.5
Transmutations | |  1.3

Action                   || total
-------------------------++-------
Melee: Unarmed           ||     1
       Short sword       ||    77
 Cast: Sandblast         ||    25
  Use: Potion            ||     1
 Stab: Sleeping          ||     4
       Invisible         ||     1
Armor: Robe              ||     7
Dodge: Dodged            ||    81

Vanquished Creatures
  2 adders (D:2)
  4 dart slugs
  2 leopard geckos (D:1)
  3 bats
  3 goblins
  7 hobgoblins
  3 kobolds (D:1)
  A frilled lizard (D:2)
  2 rats (D:2)
27 creatures vanquished.
